 Dungeon Crawl Stone Soup version 0.23-a0-4-g8f018a2 (webtiles) character file.

74 Kuinu the Firebug (level 4, -5/33 HPs)
             Began as a Draconian Fire Elementalist on Aug 1, 2018.
             Killed from afar by Sigmund (8 damage)
             ... with a magic dart
             ... on level 2 of the Dungeon.
             The game lasted 00:05:16 (1294 turns).

Kuinu the Firebug (Draconian Fire Elementalist)     Turns: 1294, Time: 00:05:17

Health: -5/33      AC:  5    Str: 10    XL:     4   Next: 9%
Magic:  2/7        EV: 12    Int: 17    God:
Gold:   48         SH:  0    Dex: 11    Spells: 0/8 levels left

rFire    . . .     SeeInvis .   j - +1 whip (elec)
rCold    . . .     Gourm    .   (no shield)
rNeg     . . .     Faith    .   (armour unavailable)
rPois    .         Spirit   .   (helmet restricted)
rElec    .         Reflect  .   (no cloak)
rCorr    .         Harm     .   (no gloves)
MR       .....                  (no boots)
Stlth    +.........             (no amulet)
HPRegen  0.11/turn              (no ring)
MPRegen  0.10/turn              (no ring)

@: confused, very slightly contaminated
A: unfitting armour, cold-blooded, AC +5
a: no special abilities


You were on level 2 of the Dungeon.
You were not hungry.

You visited 1 branch of the dungeon, and saw 2 of its levels.

You collected 48 gold pieces.

Inventory:

Hand Weapons
 d - a +0 club
 e - a +0 spear
 j - a +1 whip of electrocution (weapon)
Jewellery
 o - an uncursed ring of fire {unknown}
Scrolls
 a - a scroll of fog {unknown}
 f - 2 scrolls of fear {unknown}
 g - 2 scrolls of teleportation {unknown}
 h - 2 scrolls of amnesia {unknown}
 k - 2 scrolls of blinking {unknown}
 n - 2 scrolls of magic mapping {unknown}
Potions
 i - a potion of haste {unknown}
 l - a potion of degeneration {unknown}
 m - a potion of agility {unknown}
 p - a potion of lignification {unknown}
Comestibles
 b - 3 rations
 c - a chunk of flesh


   Skills:
 - Level 1.7 Dodging
 - Level 1.7 Stealth
 + Level 2.5 Spellcasting
 * Level 2.5 Conjurations
 * Level 3.9 Fire Magic


You couldn't memorise any spells.
You knew the following spells:

 Your Spells              Type           Power        Failure   Level  Hunger
a - Flame Tongue          Conj/Fire      ##...        4%          1    #......
b - Conjure Flame         Conj/Fire      ##......     14%         3    ###....
c - Sticky Flame          Conj/Fire      ##......     43%         4    #####..

Your spell library contained the following spells:

 Spells                   Type           Power        Failure   Level  Hunger
 Fireball                 Conj/Fire      ##........   80%         5    ######.
 Throw Flame              Conj/Fire      ##....       8%          2    ##.....
 Inner Flame              Hex/Fire       #.......     24%         3    ###....


Dungeon Overview and Level Annotations

Branches:
Dungeon (2/15)

Altars:
Trog

Annotations:
D:2 Sigmund


Innate Abilities, Weirdness & Mutations

Your plain brown scales are hard. (AC +5)
You cannot fit into any form of body armour.
You are cold-blooded and may be slowed by cold attacks.


Message History

Sigmund barely misses you.
You hit Sigmund.
Sigmund is moderately wounded.
Sigmund misses you.
You hit Sigmund.
Sigmund is heavily wounded.
Sigmund hits you with a scythe of flaming!!
Ouch! That really hurt!
* * * LOW HITPOINT WARNING * * *
Sigmund burns you.
* * * LOW HITPOINT WARNING * * *
Sigmund casts a spell at you.
You are confused.
You're too confused to move!
Sigmund casts a spell at you. You resist with some effort.
You bump into the rock wall.
Sigmund gestures at you while chanting. The magic dart hits you!
You die...

### ..# #.# #.## ## #
#####.##### #. #.
#.........# #.
#.###.###.###.# ####.
##.##.##.##
#.########!#...##....
#...#.#.##
#...@..@lr...# #.....
#.##...##
##########.#.##......
#.##...#### #....##
............ #...##y
#+#....##### #....##
# ##..#.... ##.....
#....### #)).._
###..# ##.... #...
###.)


You could see Sigmund, a leopard gecko and a rat.

Vanquished Creatures
  An adder (D:2)
  A gnoll (D:1)
  An ooze (D:1)
  7 worms (D:2)
  A ball python (D:1)
  3 bats (D:1)
  A giant cockroach (D:1)
  2 goblins (D:1)
  5 hobgoblins
  A jackal (D:1)
  3 kobolds
  3 frilled lizards
  3 rats (D:2)
32 creatures vanquished.

Notes
Turn   | Place    | Note
-------+----------+-------------------------------------------
     0 | D:1      | Kuinu the Draconian Fire Elementalist began the quest for the Orb.
     0 | D:1      | Reached XP level 1. HP: 14/14 MP: 3/3
   150 | D:1      | Reached XP level 2. HP: 15/20 MP: 0/5
   580 | D:1      | Reached XP level 3. HP: 26/26 MP: 0/6
   748 | D:2      | Noticed a moth of wrath
   751 | D:2      | Found a bloodstained altar of Trog.
   974 | D:2      | Found a faded altar of an unknown god.
  1038 | D:2      | Reached XP level 4. HP: 33/33 MP: 4/7
  1057 | D:2      | Learned a level 3 spell: Conjure Flame
  1062 | D:2      | Learned a level 4 spell: Sticky Flame
  1271 | D:2      | Noticed Sigmund
  1294 | D:2      | Killed from afar by Sigmund

Vault maps used:
D:1:      dpeg_arrival_pits, minivault_27, minmay_pentomino_x2
D:2:      cheibrodos_greedy_goblins, chequers_ecumenical_altar_lobes, tgw_trog,
          uniq_sigmund

Skill      XL: |  1  2 |
---------------+-------+-----
Conjurations   | 2 |  2.5
Dodging        | |  1.7
Stealth        | |  1.7
Spellcasting   | |  2.5
Fire Magic     | |  3.9

Action                   |  1- 3 |  4- 6 || total
-------------------------+-------+-------++-------
Melee: Club              |     9 |       ||     9
       Tailslap          |     5 |       ||     5
       Whip              |    26 |    11 ||    37
       Spear             |     2 |       ||     2
 Cast: Flame Tongue      |    41 |     7 ||    48
  Use: Potion            |     2 |       ||     2
  Eat: Chunk             |     1 |     1 ||     2
Armor: Skin              |     9 |     1 ||    10
Dodge: Dodged            |    22 |     7 ||    29

Table legend:
 A = Spawn XP
 B = Non-spawn XP
 C = Spawn XP percentage of total XP
 D = Spawn monster count
 E = Non-spawn monster count
 F = Spawn count percentage of total count
 G = Total turns spent on level
                    A         B        C        D         E        F      G
               +---------+---------+-------+---------+---------+-------+---------
         Total |       0 |     106 |   0.0 |       0 |      32 |   0.0 |  1294
               +---------+---------+-------+---------+---------+-------+---------
           D:1 |       0 |      51 |   0.0 |       0 |      18 |   0.0 |   707
           D:2 |       0 |      55 |   0.0 |       0 |      14 |   0.0 |   587
               +---------+---------+-------+---------+---------+-------+---------
